 Dungeon Crawl Stone Soup version 0.19.1-1-g22dce08 (webtiles) character file.

432 esteth the Firebug (level 6, -1/32 HPs)
             Began as a Deep Elf Fire Elementalist on Jan 3, 2017.
             Slain by a gnoll (6 damage)
             ... on level 5 of the Dungeon.
             The game lasted 00:08:05 (3174 turns).

esteth the Firebug (Deep Elf Fire Elementalist)     Turns: 3174, Time: 00:08:06

Health: -1/32      AC:  2    Str:  5    XL:     6   Next: 67%
Magic:  4/12       EV: 13    Int: 22    God:
Gold:   256        SH:  0    Dex: 19    Spells: 3 memorised, 1 level left

rFire  . . .     SeeInvis .     l - +2 short sword (speed)
rCold  . . .     Gourm    .     a - +0 robe
rNeg   . . .     Faith    .     (no shield)
rPois  .         Spirit   .     (no helmet)
rElec  .         Reflect  .     (no cloak)
rCorr  .         Harm     .     (no gloves)
MR     .....                    (no boots)
Stlth  +++.......               (no amulet)
                                y - ring of stealth
                                o - +4 ring of dexterity

@: very slightly contaminated
A: no striking features
a: no special abilities


You were on level 5 of the Dungeon.
You were hungry.

You visited 1 branch of the dungeon, and saw 5 of its levels.

You collected 256 gold pieces.

Inventory:

Hand Weapons
 l - a +2 short sword of speed (weapon)
Armour
 a - a +0 robe (worn)
Jewellery
 o - a +4 ring of dexterity (left hand)
 y - a ring of stealth (right hand)
 A - a cursed -3 ring of dexterity
Wands
 m - a wand of heal wounds (3/9)
Scrolls
 h - a scroll of enchant armour
 i - 2 scrolls of remove curse
 n - 2 scrolls of fear {unknown}
 s - a scroll of immolation {unknown}
 t - a scroll of fog
 u - a scroll of teleportation {unknown}
Potions
 d - 4 potions of heal wounds {unknown}
 e - a potion of resistance {unknown}
 f - a potion of cancellation {unknown}
 g - a potion of degeneration {unknown}
 j - 6 potions of curing {unknown}
 k - a potion of mutation {unknown}
 p - a potion of magic {unknown}
 q - a potion of flight {unknown}
 r - a potion of invisibility {unknown}
 v - 2 potions of brilliance {unknown}
 x - a potion of might {unknown}
Books
 b - a book of Flames

   Spells                             Type                      Level
   a - Flame Tongue                   Conjuration/Fire             1
   b - Throw Flame                    Conjuration/Fire             2
   c - Conjure Flame                  Conjuration/Fire             3
   d - Inner Flame                    Hexes/Fire                   3
   e - Sticky Flame                   Conjuration/Fire             4
   f - Fireball                       Conjuration/Fire             5
Comestibles
 c - 6 bread rations
 w - a beef jerky


   Skills:
 - Level 2.4 Dodging
 - Level 2.6 Stealth
 - Level 3.0 Spellcasting
 + Level 5.4 Conjurations
 + Level 6.2 Fire Magic


You had one spell level left.
You knew the following spells:

 Your Spells              Type           Power        Failure   Level  Hunger
a - Flame Tongue          Conj/Fire      ####.        1%          1    None
b - Sticky Flame          Conj/Fire      ####....     12%         4    ####...
c - Fireball              Conj/Fire      ####......   34%         5    ######.


Dungeon Overview and Level Annotations

Branches:
Dungeon (5/15)
 Temple: D:4-7

Altars:
Xom

Shops:
D:5 (


Message History

The flame tongue hits the gnoll shaman.
The gnoll shaman is almost dead.
The gnoll shaman calls upon its god to speed up the gnoll.
The gnoll seems to speed up.
The gnoll completely misses you.
The gnoll shaman mumbles some strange prayers to its god.
The gnoll shaman is healed somewhat.
The gnoll hits you.
Casting: Flame Tongue
Confirm with . or Enter, or press ? or * to list all spells.
You don't have enough magic to cast that spell.
The gnoll closely misses you. The gnoll hits you but does no damage.
The gnoll hits you. The gnoll hits you!
* * * LOW HITPOINT WARNING * * *
The gnoll hits you.
* * * LOW HITPOINT WARNING * * *
The gnoll hits you.
You die...

#..# #.#..# #.# ....
..#..########## #.#
###...........# #.#
#....########.# #.#
#........# #.# #.# #.
#.######.# #.# #.# ..
########.# #.# #.# #.
#........####.# #)#
#.##.#.#######.g@..# #.#
#..#. #g##### #.# ....
#.#<.####.# #.)# #
#.#.......#
#..###.#######g#..######
#...##.#.....#.#..#
#.#.##.........#..#
#.#..###.###.###..#
...............#..#


You could see 2 gnolls.

Vanquished Creatures
  Eustachio (D:4)
  An ogre (D:4)
  Natasha (thrice) (D:3)
  2 gnolls (D:5)
  6 adders
  2 dart slugs
  A leopard gecko (D:3)
  3 orcs
  A giant cockroach (D:3)
  7 goblins
  8 hobgoblins
  6 jackals (D:3)
  7 kobolds
  9 bats
  6 frilled lizards
  6 rats
69 creatures vanquished.

Notes
Turn   | Place    | Note
-------+----------+-------------------------------------------
     0 | D:1      | esteth the Deep Elf Fire Elementalist began the quest for the Orb.
     0 | D:1      | Reached XP level 1. HP: 10/10 MP: 6/6
   590 | D:1      | Reached XP level 2. HP: 14/15 MP: 4/8
   952 | D:2      | Reached skill level 4 in Fire Magic
   952 | D:2      | Reached XP level 3. HP: 19/19 MP: 5/9
  1453 | D:2      | Found a shimmering altar of Xom.
  1455 | D:2      | Found a glowing silver altar of Zin.
  1455 | D:2      | Found a deep blue altar of Sif Muna.
  1457 | D:2      | Found a shadowy altar of Dithmenos.
  1457 | D:2      | Found a shadowy altar of Dithmenos.
  1457 | D:2      | Found a radiant altar of Vehumet.
  1659 | D:3      | Noticed Natasha
  1668 | D:3      | Killed Natasha
  1668 | D:3      | Reached XP level 4. HP: 24/24 MP: 1/10
  1740 | D:3      | Learned a level 4 spell: Sticky Flame
  1799 | D:3      | Noticed Natasha
  1805 | D:3      | Killed Natasha
  2154 | D:3      | Noticed Natasha
  2157 | D:3      | Killed Natasha
  2157 | D:3      | Reached skill level 5 in Fire Magic
  2157 | D:3      | Reached XP level 5. HP: 28/28 MP: 5/11
  2202 | D:4      | Noticed Eustachio
  2213 | D:4      | Killed Eustachio
  2213 | D:4      | Reached XP level 6. HP: 32/32 MP: 3/12
  2542 | D:4      | Reached skill level 5 in Conjurations
  2542 | D:4      | Reached skill level 6 in Fire Magic
  2632 | D:4      | Learned a level 5 spell: Fireball
  2928 | D:5      | Entered Level 5 of the Dungeon
  3056 | D:5      | Found Boezoum's Weapon Emporium.
  3174 | D:5      | Slain by a gnoll

Skill      XL: |  1  2  3  4  5  6 |
---------------+-------------------+-----
Conjurations   | 2 3 4 5 |  5.4
Fire Magic     | 4 5 6 |  6.2
Dodging        | |  2.4
Stealth        | |  2.6
Spellcasting   | |  3.0

Action                   |  1- 3 |  4- 6 || total
-------------------------+-------+-------++-------
Melee: Unarmed           |     7 |       ||     7
       Dagger            |     3 |       ||     3
       Short sword       |     1 |     6 ||     7
 Cast: Flame Tongue      |    64 |    63 ||   127
  Use: Scroll            |     1 |    10 ||    11
 Stab: Distracted        |     1 |       ||     1
  Eat: Chunk             |     2 |     4 ||     6
Armor: Robe              |     3 |     1 ||     4
Dodge: Dodged            |    26 |    13 ||    39
